 Dungeon Crawl Stone Soup version 0.31.0-9-g3a7656b989 (webtiles) character file.

Game seed: 8455191128411395545

114 qw the Skirmisher (level 4, 0/25 HPs)
             Began as a Deep Elf Hunter on Feb 2, 2024.
             Succumbed to an adder's poison
             ... on level 3 of the Dungeon.
             The game lasted 00:00:06 (2270 turns).

qw the Skirmisher (Deep Elf Hunter)                 Turns: 2270, Time: 00:00:06

Health: 0/25       AC:  3    Str:  8    XL:     4   Next: 67%
Magic:  6/6        EV: 13    Int: 17    God:
Gold:   114        SH:  0    Dex: 18    Spells: 3/3 levels left

rFire   + . .        a - +0 shortbow
rCold   . . .        (shield currently unavailable)
rNeg    . . .        c - +0 scale mail "Nuleesej" {rF+ Int+3}
rPois   .            (helmet restricted)
rElec   .            (no cloak)
rCorr   .            (no gloves)
SInv    .            (no boots)
Will    .....        (no amulet)
Stlth   +            i - +5 ring of evasion
HPRegen 0.24/turn    (no ring)
MPRegen 0.10/turn

%: no passive effects
@: lethally poisoned (0 -> -4)
A: horns 1, deformed body, screaming 1, weak 1
a: no special abilities


You were on level 3 of the Dungeon.
You visited 1 branch of the dungeon, and saw 3 of its levels.

You collected 114 gold pieces.


Innate Abilities, Weirdness & Mutations

You have a pair of small horns on your head.
Armour fits poorly on your strangely shaped body.
You occasionally shout uncontrollably at your foes.
You are weak. (Str -2)


   Skills:
 - Level 1.5 Fighting
 + Level 8.1 Ranged Weapons
 - Level 2.4 Dodging
 - Level 1.2 Stealth


You had 3 spell levels left.
You didn't know any spells.
Your spell library was empty.

Inventory:

Hand Weapons
 a - a +0 shortbow (weapon)
Armour
 c - the +0 scale mail "Nuleesej" (worn) {rF+ Int+3}
   (You found it on level 2 of the Dungeon)

   Int+3:     It affects your intelligence (+3).
   rF+:       It protects you from fire.
 g - a +0 ring mail
Jewellery
 i - a +5 ring of evasion (left hand)
Scrolls
 d - a scroll of identify
 e - 2 scrolls of silence {unknown}
 f - a scroll of revelation {unknown}
Potions
 b - a potion of mutation
 h - a potion of enlightenment {unknown}
 j - a potion of ambrosia {unknown}

Dungeon Overview and Level Annotations

Branches:
Dungeon (3/15)

Altars:


Message History

The adder bites you. x2
You shoot an arrow.
The arrow hits the adder but does no damage.
The adder is severely wounded.
The adder bites you.
You are poisoned.
The adder poisons you! The adder completely misses you.
You shoot an arrow.
The arrow hits the adder but does no damage.
The adder is severely wounded.
You feel sick. The adder bites you but does no damage.
You shoot an arrow. The arrow closely misses the adder.
You feel sick. The adder misses you. The adder bites you.
You shoot an arrow. The arrow misses the adder.
You feel sick. The adder bites you but does no damage.
The adder barely misses you.
You shoot an arrow. The arrow closely misses the adder.
You feel sick.
You are no longer poisoned.
The adder bites you.
You are poisoned.
The adder poisons you!
You shoot an arrow. The arrow closely misses the adder.
You feel sick. The adder barely misses you. The adder misses you.
You shoot an arrow. The arrow hits the adder.
The adder is almost dead.
You feel sick. The adder barely misses you. x2
You shoot an arrow. The arrow completely misses the adder.
You feel sick.
You are no longer poisoned.
The adder misses you. The adder bites you but does no damage.
You shoot an arrow. The arrow misses the adder.
The adder bites you. x2
You are lethally poisoned!
The adder poisons you!
You shoot an arrow. The arrow hits the adder.
You kill the adder!
You feel sick.
There is a lethal amount of poison in your body!
You die... #.. )[ PP# #..##~~ PP#

#..P~~~ ~~##
#.##P~7 77P.##
#.##P~77 ~~..#
#.##.~~7 77PPP#
#####.###P7777~~PP#
#....@...P~~77~P.#
#.#######~~P~~~.##
##PPP~.## ####.###
#.....# ###########
####.....##
..........#
#..%......#
#########.#
#.##......# #.#
####.##...)..#


There were no monsters in sight!

Vanquished Creatures
  Natasha (twice) (D:2)
  2 adders (D:3)
  A ribbon worm (D:3)
  An orc (D:3)
  4 endoplasms
  2 giant cockroaches
  3 goblins
  8 hobgoblins
  3 jackals (D:3)
  A kobold (D:3)
  2 quokkas (D:1)
  5 ball pythons
  2 bats
  A frilled lizard (D:1)
  2 rats
39 creatures vanquished.

Notes
Turn   | Place    | Note
-------+----------+-------------------------------------------
     0 | D:1      | qw the Deep Elf Hunter began the quest for the Orb.
     0 | D:1      | Reached XP level 1. HP: 12/12 MP: 3/3
     0 | D:1      | 0 ||| qw: Version: 0.3-a-155-g5e7d8dd
     0 | D:1      | 0 ||| qw: Game counter: 301
     0 | D:1      | 0 ||| qw: Melee chars always use a shield: true
     0 | D:1      | 0 ||| qw: God list: Okawaru
     0 | D:1      | 0 ||| qw: Allow faded altars: false
     0 | D:1      | 0 ||| qw: Do Orc after clearing Dungeon:15 true
     0 | D:1      | 0 ||| qw: Do second Lair branch before Depths: true
     0 | D:1      | 0 ||| qw: Lair rune preference: random
     0 | D:1      | 0 ||| qw: Goals: Normal
     0 | D:1      | 0 ||| PLANNING D:1-11
   327 | D:1      | Reached XP level 2. HP: 16/16 MP: 4/4
   341 | D:1      | Reached skill level 6 in Ranged Weapons
   885 | D:1      | 885 ||| UPGRADING to +0 ring mail.
   895 | D:1      | 895 ||| DROPPING +0 leather armour.
   896 | D:1      | 896 ||| DROPPING ring of magical power.
   897 | D:1      | 897 ||| READING scroll labelled OXTONIHO YGICW.
   897 | D:1      | 897 ||| IDENTIFYING viscous sapphire potion
   898 | D:1      | 898 ||| READING scroll labelled NEITEF QALYHAMP.
   903 | D:1      | 903 ||| DRINKING 2 glowing cyan potions.
   943 | D:1      | 943 ||| DROPPING scroll of butterflies.
   944 | D:1      | 944 ||| DROPPING potion of magic.
   945 | D:1      | 945 ||| DROPPING potion of lignification.
  1088 | D:2      | Identified the +0 scale mail "Nuleesej" {rF+ Int+3}
  1296 | D:2      | Noticed Natasha
  1298 | D:2      | Killed Natasha
  1299 | D:2      | Reached skill level 7 in Ranged Weapons
  1299 | D:2      | Reached XP level 3. HP: 20/20 MP: 5/5
  1583 | D:2      | Noticed Natasha
  1586 | D:2      | Killed Natasha
  1587 | D:2      | Reached XP level 4. HP: 25/25 MP: 6/6
  1737 | D:2      | 1737 ||| UPGRADING to +0 scale mail "Nuleesej" {rF+ Int+3}.
  1747 | D:2      | 1747 ||| UPGRADING to +5 ring of evasion.
  1748 | D:2      | 1748 ||| READING scroll of identify.
  1748 | D:2      | 1748 ||| IDENTIFYING fuming green potion
  1749 | D:2      | 1749 ||| READING scroll labelled JIASTR POALE.
  1750 | D:2      | 1750 ||| READING scroll labelled OPUSIN UHAROLL.
  1751 | D:2      | 1751 ||| DRINKING 2 fuming grey potions.
  1751 | D:2      | Gained mutation: Armour fits poorly on your strangely
                  | shaped body. [potion of mutation]
  1751 | D:2      | Gained mutation: You are weak. (Str -2) [potion of
                  | mutation]
  1751 | D:2      | Gained mutation: You occasionally shout uncontrollably at
                  | your foes. [potion of mutation]
  1751 | D:2      | Gained mutation: You have a pair of small horns on your
                  | head. [potion of mutation]
  1752 | D:2      | 1752 ||| DROPPING potion of invisibility.
  2234 | D:3      | Reached skill level 8 in Ranged Weapons
  2268 | D:3      | HP: 6/25 [adder (2)]
  2268 | D:3      | HP: 2/25 [adder (4)]
  2270 | D:3      | Succumbed to an adder's poison

Levels and vault maps discovered:
D:1:      onia_arrival_mini_spirals, layout_loops_corners
D:2:      layout_loops_corners, uniq_natasha
D:3:      layout_loops_ring, serial_bayou_pond_c

Skill      XL: |  1  2  3  4 |
---------------+-------------+-----
Ranged Weapons | 7 8 |  8.1
Fighting       | |  1.5
Dodging        | |  2.4
Stealth        | |  1.2

Action                     |  1- 3 |  4- 6 || total
---------------------------+-------+-------++-------
   Fire: Shortbow          |    53 |    63 ||   116
    Use: Scroll            |     2 |     3 ||     5
         Potion            |     1 |     1 ||     2
 Armour: Leather armour    |     3 |       ||     3
         Ring mail         |     2 |       ||     2
         Scale mail        |       |    23 ||    23
  Dodge: Dodged            |     5 |    29 ||    34

Table legend:
 A = Non-vault XP
 B = Vault XP
 C = Vault XP percentage of total XP
 D = Non-vault monster count
 E = Vault monster count
 F = Vault count percentage of total count
                 A         B        C        D         E       F
            +---------+---------+-------+---------+---------+-------
      Total |     128 |      36 |  22.0 |      38 |       1 |   2.6
            +---------+---------+-------+---------+---------+-------
        D:1 |      30 |       0 |   0.0 |      17 |       0 |   0.0
        D:2 |      42 |      36 |  46.2 |       5 |       1 |  16.7
        D:3 |      56 |       0 |   0.0 |      16 |       0 |   0.0
            +---------+---------+-------+---------+---------+-------
